 Dungeon Crawl Stone Soup version 0.23.0-38-g208d714 (webtiles) character file.

Game seed: 0

5463 Lanoc the Carver (level 11, 0/77 HPs)
             Began as a Formicid Chaos Knight on Feb 27, 2019.
             Was a Plaything of Xom.
             Slain by a yak (10 damage)
             ... on level 11 of the Dungeon.
             The game lasted 00:23:33 (8787 turns).

Lanoc the Carver (Formicid Chaos Knight)            Turns: 8787, Time: 00:23:34

Health: 0/77       AC: 11    Str: 26    XL:     11   Next: 0%
Magic:  12/12      EV: 14    Int: 13    God:    Xom [..*...]
Gold:   388        SH: 11    Dex: 11    Spells: 9/10 levels left

rFire    . . .     SeeInvis +   a - +0 falchion (chaos)
rCold    + . .     Gourm    .   A - +0 buckler
rNeg     . . .     Faith    .   b - +2 leather armour
rPois    .         Spirit   .   (helmet unavailable)
rElec    .         Reflect  +   (no cloak)
rCorr    .         Harm     .   j - +2 pair of gloves
MR       +....     Clarity  +   i - +0 pair of boots (curse)
Stlth    +.........             u - +6 amulet of reflection
HPRegen  0.22/turn              E - +5 ring of strength
MPRegen  0.13/turn              (no ring)

@: mighty, liquefying, slowed movement, very slow
A: permanent stasis, dig shafts and tunnels, four strong arms, antennae 3,
hooves 1, clarity, cold resistance 1, deformed body, frail 1, high mp 1, shaggy
fur 2, weak 1, evolution 1, MP-powered wands
a: Dig, Shaft Self, Renounce Religion


You were on level 11 of the Dungeon.
You worshipped Xom.
You were a toy of Xom.
You were not hungry.

You visited 2 branches of the dungeon, and saw 12 of its levels.

You collected 623 gold pieces.
You spent 235 gold pieces at shops.

Inventory:

Hand Weapons
 a - a +0 falchion of chaos (weapon)
 o - a +0 long sword
Missiles
 r - 30 sling bullets
Armour
 b - a +2 leather armour (worn)
 i - a cursed +0 pair of boots (worn)
 j - a +2 pair of gloves (worn)
 A - a +0 buckler (worn)
Jewellery
 u - a +6 amulet of reflection (around neck)
 E - a +5 ring of strength (left hand)
Wands
 l - a wand of paralysis (10)
 p - a wand of random effects (17)
 v - a wand of iceblast (4)
 x - a wand of acid (9)
 C - a wand of flame (19)
 D - a wand of enslavement (8)
 F - a wand of digging (4)
Scrolls
 d - 3 scrolls of immolation
 f - 5 scrolls of fog
 g - 3 scrolls of random uselessness {unknown}
 h - 2 scrolls of enchant weapon
 k - 7 scrolls of remove curse
 n - 2 scrolls of enchant armour {unknown}
 q - 3 scrolls of fear
 t - a scroll of blinking {unknown}
 y - 3 scrolls of magic mapping
 B - a scroll of silence {unknown}
Potions
 e - a potion of might
 m - 3 potions of curing
 s - 2 potions of mutation
 w - 4 potions of heal wounds
 z - a potion of lignification
Comestibles
 c - 17 rations


   Skills:
 + Level 8.1 Fighting
 * Level 10.0 Long Blades
 + Level 7.7 Armour
 + Level 6.0 Dodging
 + Level 4.7 Shields


You had 9 spell levels left.
You knew the following spells:

 Your Spells              Type           Power        Failure   Level  Hunger
a - Apportation           Tloc           #.....       34%         1    ##.....

Your spell library contained the following spells:

 Spells                   Type           Power        Failure   Level  Hunger
 Animate Skeleton         Necr           N/A          34%         1    ##.....
 Confusing Touch          Hex            #.....       34%         1    ##.....
 Corona                   Hex            #......      34%         1    ##.....
 Magic Dart               Conj           #...         34%         1    ##.....
 Summon Small Mammal      Summ           #...         34%         1    ##.....
 Call Imp                 Summ           #.......     45%         2    ###....
 Slow                     Hex            #.......     45%         2    ###....
 Call Canine Familiar     Summ           #.......     71%         3    ####...
 Conjure Flame            Conj/Fire      #.......     71%         3    ####...
 Inner Flame              Hex/Fire       #.......     71%         3    ####...
 Mephitic Cloud           Conj/Pois/Air  #.......     71%         3    ####...
 Portal Projectile        Hex/Tloc       #.....       71%         3    ####...
 Summon Guardian Golem    Hex/Summ       #.......     71%         3    ####...
 Cause Fear               Hex            #.........   98%         4    #####..
 Leda's Liquefaction      Hex/Erth       #.........   98%         4    #####..
 Summon Ice Beast         Ice/Summ       #.......     98%         4    #####..
 Summon Lightning Spire   Summ/Air       #.......     98%         4    #####..
 Blink                    Tloc           Unusable     N/A         2    N/A

Dungeon Overview and Level Annotations

Branches:
Dungeon (11/15)            Temple (1/1) D:5
   Lair: D:8-11         Orc: D:9-12

Altars:
Ashenzari
Cheibriados
Dithmenos
Elyvilon
Gozag
Hepliaklqana
Makhleb
Nemelex Xobeh
Okawaru
Ru
Sif Muna
Trog
Uskayaw
Vehumet
Xom
Yredelemnul

Shops:
D:10 ?

Annotations:
D:6 1 runed translucent door, DuncanD's ghost, novice HOAK
D:9 3 runed translucent doors, Arum's ghost, journeyman FoFi
D:10 2 transporters
Abyss:1 Robin


Innate Abilities, Weirdness & Mutations

You cannot be hasted, slowed, berserked, paralysed or teleported.
You can dig through walls and to a lower floor.
Your four strong arms can wield two-handed weapons with a shield.
You have a pair of large antennae on your head. (SInv)
You have large cloven feet.
You possess an exceptional clarity of mind.
Your flesh is cold resistant. (rC+)
Armour fits poorly on your strangely shaped body.
You are frail. (-10% HP)
You have an increased reservoir of magic. (+10% MP)
You are covered in thick fur. (AC +2)
You are weak. (Str -2)
You evolve.
You expend magic power (3 MP) to strengthen your wands.


Message History

You slash the slime creature! You burn the slime creature.
The slime creature is severely wounded.
The killer bee closely misses you.
You riposte.
Your unstable footing causes you to fumble your attack.
The slime creature becomes momentarily stuck in the liquid earth.
The yak gores you.
* * * LOW HITPOINT WARNING * * *
The killer bee closely misses you.
You riposte.
Your unstable footing causes you to fumble your attack.
You completely miss the slime creature.
The slime creature is severely wounded.
The killer bee misses you. You block the slime creature's attack.
You block the yak's attack.
Your unstable footing causes you to fumble your attack.
You block the killer bee's attack. The killer bee completely misses you.
The slime creature hits you!
* * * LOW HITPOINT WARNING * * *
The yak gores you!
You die...
Xom howls with laughter!

.. ∆ { #..#
######'#########.$..... { {#..#
...............#....... #..#
...............#....... #..#
...............#....... +..#
.............YY#....... #..##
.............yy#....... #....
............Oyy#J...... +....
........#######@.......#####....
.......#{..#.YY#................
.......#...'...#................
##+######.####'#................
#...y....#.Y...#................
#........#.....#.......#####....
#........#.....#.......#........
#..#####'#####'#.......#........
.. #...#Y..........#.....>..


You could see a slime creature, 4 yaks, an ogre and 4 killer bees.

Vanquished Creatures
  A two-headed ogre (D:10)
  A cyclops (D:8)
  Grinder (D:3)
  A hornet (D:10)
  A vampire (D:11)
  A wyvern (D:7)
  A fire bat (D:11)
  Grum (D:8)
  2 ice beasts (D:9)
  A phantom (D:7)
  2 sky beasts
  3 ogres
  3 wolves (D:8)
  A big kobold (D:7)
  4 bullfrogs
  2 scorpions (D:9)
  5 killer bees (D:8)
  3 howler monkeys (D:7)
  2 crimson imps
  2 jellies
  4 lava snakes (D:9)
  3 quasits
  A centaur zombie (D:6)
  4 orc priests
  4 hounds
  5 orc wizards
  A bullfrog skeleton (D:7)
  3 iguanas
  Jessica (D:2)
  4 worker ants
  2 hound zombies
  A hound skeleton (D:3)
  17 adders
  4 gnolls (D:3)
  A shadow imp (D:7)
  An ooze (D:6)
  4 worms
  A dart slug (D:3)
  4 leopard geckos
  22 orcs
  6 bats
  3 giant cockroaches
  12 goblins
  9 hobgoblins
  3 quokkas
  7 frilled lizards
  14 kobolds
  A leopard gecko skeleton (D:8)
  A quokka zombie (D:8)
  7 rats
188 creatures vanquished.

Vanquished Creatures (collateral kills)
  An orc warrior (D:10)
  A phantom (D:8)
  A bullfrog (D:8)
  5 killer bees (D:8)
  A crimson imp (D:6)
  An orc wizard (D:10)
  A worker ant zombie (D:8)
  5 orcs
16 creatures vanquished.

Vanquished Creatures (others)
  A centaur (D:8)
  A kobold (D:7)
2 creatures vanquished.

Grand Total: 206 creatures vanquished

Notes
Turn   | Place    | Note
-------+----------+-------------------------------------------
     0 | D:1      | Lanoc the Formicid Chaos Knight began the quest for the
                  | Orb.
     0 | D:1      | Reached XP level 1. HP: 18/18 MP: 1/1
   139 | D:1      | Reached skill level 1 in Dodging
   177 | D:1      | You fall through a shaft!
   178 | D:2      | Noticed Jessica
   183 | D:2      | Killed Jessica
   183 | D:2      | Reached XP level 2. HP: 22/24 MP: 2/2
   183 | D:2      | Reached XP level 3. HP: 27/29 MP: 3/3
   190 | D:2      | Found a white marble altar of Elyvilon.
   422 | D:2      | Reached XP level 4. HP: 37/37 MP: 4/4
   422 | D:2      | Noticed Robin
   427 | D:2      | XOM: divination: detect items
   450 | D:2      | Banished Robin
   875 | D:3      | XOM: noise
   897 | D:3      | Reached skill level 4 in Long Blades
   977 | D:3      | XOM: confuse monster(s)
   983 | D:3      | Reached XP level 5. HP: 30/42 MP: 5/5
  1212 | D:3      | Found a faded altar of an unknown god.
  1229 | D:3      | XOM: cast spell 'Leda's Liquefaction'
  1236 | D:3      | XOM: divination: detect items
  1447 | D:3      | Reached XP level 6. HP: 42/48 MP: 6/6
  1647 | D:3      | Found an iron altar of Okawaru.
  1647 | D:3      | Noticed Grinder
  1651 | D:3      | XOM: enchant monster (good)
  1656 | D:3      | XOM: cast spell 'Dispersal'
  1690 | D:3      | Killed Grinder
  1690 | D:3      | Reached skill level 5 in Long Blades
  1690 | D:3      | Reached XP level 7. HP: 40/55 MP: 7/7
  1881 | D:4      | Found a deep blue altar of Sif Muna.
  2008 | D:4      | Found a basalt altar of Yredelemnul.
  2065 | D:4      | XOM: god gift: 19 arrows
  2121 | D:4      | XOM: silly message
  2194 | D:5      | Entered Level 5 of the Dungeon
  2212 | D:5      | Found a shadowy altar of Dithmenos.
  2214 | D:5      | Found a burning altar of Makhleb.
  2214 | D:5      | Found a hazy altar of Hepliaklqana.
  2295 | D:5      | Found a staircase to the Ecumenical Temple.
  2317 | D:5      | Reached skill level 5 in Fighting
  2321 | Temple   | Entered the Ecumenical Temple
  2453 | D:5      | XOM: cast spell 'Olgreb's Toxic Radiance'
  2541 | D:5      | Found a sacrificial altar of Ru.
  2665 | D:5      | Reached skill level 6 in Long Blades
  2665 | D:5      | Reached XP level 8. HP: 58/62 MP: 8/8
  2686 | D:5      | XOM: divination: detect items
  2914 | D:5      | XOM: scenery: 1 doors open
  3033 | D:6      | XOM: harmless Pois miscast
  3108 | D:6      | Found a runed translucent door.
  3109 | D:6      | Noticed DuncanD's ghost (novice HOAK)
  3436 | D:6      | XOM: noise
  3443 | D:6      | XOM: summons friendly white imp
  3548 | D:6      | XOM: medium Summ miscast
  3906 | D:6      | XOM: give mutations
  3906 | D:6      | Gained mutation: Your body sometimes deteriorates upon
                  | taking damage. [Xom's mischief]
  3906 | D:6      | Gained mutation: Your body often deteriorates upon taking
                  | damage. [Xom's mischief]
  3906 | D:6      | Gained mutation: Scrolls take you a little longer to read.
                  | [Xom's mischief]
  3906 | D:6      | Gained mutation: You are weak. (Str -2) [Xom's mischief]
  4043 | D:7      | XOM: repel stairs
  4055 | D:7      | Reached skill level 5 in Armour
  4056 | D:7      | Lost mutation: Your body often deteriorates upon taking
                  | damage. [potion of mutation]
  4056 | D:7      | Lost mutation: Scrolls take you a little longer to read.
                  | [potion of mutation]
  4056 | D:7      | Lost mutation: Your body sometimes deteriorates upon taking
                  | damage. [potion of mutation]
  4056 | D:7      | Gained mutation: You are covered in fur. (AC +1) [potion of
                  | mutation]
  4056 | D:7      | Gained mutation: You have an increased reservoir of magic.
                  | (+10% MP) [potion of mutation]
  4056 | D:7      | Gained mutation: Your flesh is cold resistant. (rC+)
                  | [potion of mutation]
  4056 | D:7      | Gained mutation: Your spells are a little harder to cast,
                  | but a little more powerful. [potion of mutation]
  4068 | D:7      | XOM: medium Tmut miscast
  4088 | D:7      | Noticed a wyvern
  4088 | D:7      | a scorpion changed into a wyvern
  4088 | D:7      | XOM: polymorph scorpion -> wyvern
  4094 | D:7      | XOM: enchant monster (bad)
  4101 | D:7      | Killed a wyvern
  4124 | D:7      | XOM: give mutation
  4124 | D:7      | Gained mutation: You are frail. (-10% HP) [Xom's mischief]
  4133 | D:7      | XOM: give mutations
  4133 | D:7      | Lost mutation: Your spells are a little harder to cast, but
                  | a little more powerful. [Xom's mischief]
  4133 | D:7      | Gained mutation: Armour fits poorly on your strangely
                  | shaped body. [Xom's mischief]
  4212 | D:7      | Reached skill level 7 in Long Blades
  4473 | D:7      | XOM: divination: detect creatures
  4757 | D:7      | Reached XP level 9. HP: 52/62 MP: 9/9
  4815 | D:7      | XOM: scenery: 1 doors close
  4902 | D:7      | XOM: divination: detect items
  4959 | D:7      | XOM: enchant monster (good)
  5390 | D:7      | XOM: god gift: buckler {god gift}
  5591 | D:8      | Reached skill level 8 in Long Blades
  5651 | D:8      | XOM: mild Air miscast
  5692 | D:8      | Noticed Grum
  5699 | D:8      | XOM: divination: detect creatures
  5728 | D:8      | XOM: potion effect (curing)
  5737 | D:8      | Reached skill level 1 in Shields
  5738 | D:8      | XOM: confuse monster(s)
  5919 | D:8      | XOM: potion effect (invisibility)
  5939 | D:8      | XOM: noise
  5950 | D:8      | Killed Grum
  5983 | D:8      | Reached skill level 5 in Dodging
  6068 | D:8      | XOM: scenery: 3 doors open, 1 doors close
  6076 | D:8      | Noticed a cyclops
  6088 | D:8      | Killed a cyclops
  6088 | D:8      | Reached XP level 10. HP: 64/71 MP: 11/11
  6401 | D:8      | XOM: give mutations
  6401 | D:8      | Gained mutation: You are covered in thick fur. (AC +2)
                  | [Xom's grace]
  6401 | D:8      | Gained mutation: You possess an exceptional clarity of
                  | mind. [Xom's grace]
  6401 | D:8      | Gained mutation: You have large cloven feet. [Xom's grace]
  6401 | D:8      | Gained mutation: You evolve. [Xom's grace]
  6472 | D:8      | XOM: stat loss: -1 Dex (10/11)
  6579 | D:8      | Reached skill level 9 in Long Blades
  6696 | D:9      | XOM: confuse monster(s)
  7016 | D:9      | Found a runed translucent gate.
  7016 | D:9      | Found a runed translucent gate.
  7016 | D:9      | Found a runed translucent gate.
  7017 | D:9      | Noticed Arum's ghost (journeyman FoFi)
  7017 | D:9      | Noticed a spectral centaur warrior
  7144 | D:9      | XOM: scenery: create altars
  7165 | D:9      | XOM: smoke on damage
  7499 | D:10     | Entered Level 10 of the Dungeon
  7516 | D:10     | XOM: mild Pois miscast
  7521 | D:10     | XOM: enchant monster (bad)
  7527 | D:10     | XOM: cast spell 'Shadow Creatures'
  7602 | D:10     | Noticed a two-headed ogre
  7620 | D:10     | XOM: mild Erth miscast
  7625 | D:10     | Killed a two-headed ogre
  7639 | D:10     | XOM: noise
  7699 | D:10     | Learned a level 1 spell: Apportation
  7754 | D:10     | Found a transporter.
  7789 | D:10     | Found Awidgh's Magic Scroll Shop.
  7807 | D:10     | Bought a scroll of remove curse for 33 gold pieces
  7807 | D:10     | Bought 2 scrolls of fog for 44 gold pieces
  7807 | D:10     | Bought a scroll of fear for 38 gold pieces
  7807 | D:10     | Bought a scroll of enchant weapon for 82 gold pieces
  7807 | D:10     | Bought a scroll of magic mapping for 38 gold pieces
  7820 | D:10     | Found a transporter.
  7822 | D:10     | Noticed a gargoyle
  7825 | D:10     | Found a radiant altar of Vehumet.
  7941 | D:10     | XOM: give mutation
  7941 | D:10     | Gained mutation: You expend magic power (3 MP) to
                  | strengthen your wands. [Xom's grace]
  8360 | D:11     | XOM: swap monsters
  8513 | D:11     | Reached skill level 10 in Long Blades
  8521 | D:11     | XOM: polymorph sky beast -> fire bat
  8537 | D:11     | XOM: divination: detect items
  8541 | D:11     | Reached XP level 11. HP: 43/77 MP: 12/12
  8747 | D:11     | XOM: divination: detect items
  8780 | D:11     | XOM: cast spell 'Leda's Liquefaction'
  8787 | D:11     | Slain by a yak

Skill      XL: |  1  2  3  4  5  6  7  8  9 10 |
---------------+-------------------------------+-----
Dodging        | 1 2 3 4 5 6 |  6.0
Long Blades    | 4 5 6 7 8 10 | 10.0
Armour         | 3 4 5 6 7 |  7.7
Fighting       | 4 5 6 7 8 |  8.1
Shields        | 2 4 |  4.7

Action                   |  1- 3 |  4- 6 |  7- 9 | 10-12 || total
-------------------------+-------+-------+-------+-------++-------
Melee: Falchion          |    42 |   153 |   424 |   281 ||   900
 Abil: Dig               |       |       |       |     4 ||     4
  Use: Scroll            |       |       |     4 |     3 ||     7
       Potion            |       |       |     1 |     3 ||     4
 Stab: Confused          |       |     2 |     1 |     1 ||     4
       Petrifying        |       |     1 |     2 |       ||     3
       Sleeping          |       |     1 |       |       ||     1
       Paralysed         |       |     1 |     3 |     5 ||     9
       Petrified         |       |       |     3 |       ||     3
       Invisible         |       |       |     8 |       ||     8
  Eat: Chunk             |       |     3 |    11 |     6 ||    20
       Ration            |       |       |     1 |     1 ||     2
Armor: Leather armour    |    19 |    68 |   115 |    90 ||   292
Dodge: Dodged            |    30 |   108 |   234 |   152 ||   524
Block: Other             |       |       |    68 |       ||    68
       Buckler           |       |       |    49 |   187 ||   236
       Reflection        |       |       |     2 |     8 ||    10
       Rpst.: Falchion   |    13 |    35 |    82 |    42 ||   172
